 Dungeon Crawl Stone Soup version 0.21.0-3-g78d12a8 (webtiles) character file.

95 inmateoo the Skirmisher (level 4, 0/30 HPs)
             Began as a Gargoyle Necromancer on Jan 17, 2018.
             Killed from afar by Monsterracer's ghost (5 damage)
             ... with a magic dart
             ... on level 3 of the Dungeon.
             The game lasted 00:04:26 (2679 turns).

inmateoo the Skirmisher (Gargoyle Necromancer)      Turns: 2679, Time: 00:04:27

Health: 0/30       AC:  9    Str: 13    XL:     4   Next: 65%
Magic:  7/7        EV:  9    Int: 15    God:
Gold:   113        SH:  0    Dex: 10    Spells: 3/7 levels left

rFire    . . .     SeeInvis .   i - +0 dire flail
rCold    . . .     Gourm    .   (shield currently unavailable)
rNeg     + . .     Faith    .   k - +0 scale mail
rPois    ∞         Spirit   .   (no helmet)
rElec    +         Reflect  .   (no cloak)
rCorr    .         Harm     .   (no gloves)
MR       .....                  (no boots)
Stlth    ..........             (no amulet)
HPRegen  0.10/turn              (no ring)
MPRegen  0.10/turn              (no ring)

@: hasted, very quick
A: negative energy resistance 1, electricity resistance, unbreathing,
petrification resistance, rot immunity, AC +3
a: no special abilities


You were on level 3 of the Dungeon.
You were hungry.

You visited 1 branch of the dungeon, and saw 3 of its levels.

You collected 113 gold pieces.

Inventory:

Hand Weapons
 h - a +0 whip
 i - a +0 dire flail (weapon)
Missiles
 l - 6 javelins of returning (quivered)
Armour
 k - a +0 scale mail (worn)
Jewellery
 o - an uncursed amulet of regeneration {unknown}
Scrolls
 d - a scroll of fear
 m - a scroll of remove curse
Potions
 e - a potion of resistance
 g - a potion of flight
Books
 b - a book of Necromancy

   Spells                             Type                      Level
   a - Pain                           Necromancy                   1
   b - Animate Skeleton               Necromancy                   1
   c - Vampiric Draining              Necromancy                   3
   d - Regeneration                   Charms/Necromancy            3
   e - Animate Dead                   Necromancy                   4
   f - Borgnjor's Vile Clutch         Necromancy/Earth             5
Comestibles
 c - 8 rations


   Skills:
 + Level 4.5 Fighting
 - Level 1.5 Dodging
 - Level 2.1 Stealth
 - Level 2.0 Spellcasting
 - Level 3.2 Necromancy


You had 3 spell levels left.
You knew the following spells:

 Your Spells              Type           Power        Failure   Level  Hunger
a - Pain                  Necr           ##..         28%         1    #......
b - Vampiric Draining     Necr           ##........   65%         3    ###....


Dungeon Overview and Level Annotations

Branches:
Dungeon (3/15)

Altars:
Elyvilon
Fedhas
Nemelex Xobeh

Annotations:
D:2 Robin
D:3 Monsterracer's ghost, amateur MiCj


Innate Abilities, Weirdness & Mutations

You are resistant to torment.
Your stone body is resilient. (AC +3)
You are immune to poison.
You resist negative energy. (rN+)
You are resistant to electric shocks. (rElec)
You can survive without breathing.
You are immune to petrification.
You are immune to rotting.


Message History

You closely miss Monsterracer's ghost.
Monsterracer's ghost is moderately damaged.
You feel a little less mighty now.
Monsterracer's ghost hits you but does no damage.
Unknown command.
You hit Monsterracer's ghost.
Monsterracer's ghost is moderately damaged.
Monsterracer's ghost hits you.
* * * LOW HITPOINT WARNING * * *
You closely miss Monsterracer's ghost.
Monsterracer's ghost is moderately damaged.
Monsterracer's ghost grins evilly.
Monsterracer's ghost hits you but does no damage.
You closely miss Monsterracer's ghost.
Monsterracer's ghost is moderately damaged.
You closely miss Monsterracer's ghost.
Monsterracer's ghost is moderately damaged.
Monsterracer's ghost casts a spell at you.
The magic dart hits you!
You die...

## .. . ##.#.
.. .... .. #...
.# #..# (#
#..##########.#
#.....hhgW@...#
##.############
#.# . #.# . #r#
.. #h#
..######.#
##.....#
...grh.W.#
##......#
#$#h######
##.......#


You could see Monsterracer's ghost, 2 jackals and a hobgoblin.

Vanquished Creatures
  2 adders (D:2)
  An ooze (D:2)
  2 worms
  A dart slug (D:1)
  A leopard gecko (D:1)
  5 giant cockroaches
  6 hobgoblins
  6 jackals
  7 kobolds
  A quokka (D:2)
  A ball python (D:3)
  7 bats
  4 frilled lizards
  8 goblins
  9 rats
61 creatures vanquished.

Notes
Turn   | Place    | Note
-------+----------+-------------------------------------------
     0 | D:1      | inmateoo the Gargoyle Necromancer began the quest for the Orb.
     0 | D:1      | Reached XP level 1. HP: 10/10 MP: 3/3
   150 | D:1      | Reached skill level 1 in Fighting
   372 | D:1      | Reached XP level 2. HP: 15/17 MP: 1/5
   467 | D:1      | Reached skill level 2 in Fighting
  1065 | D:1      | Found a sparkling altar of Nemelex Xobeh.
  1200 | D:1      | Reached XP level 3. HP: 22/22 MP: 6/6
  1205 | D:1      | Learned a level 3 spell: Vampiric Draining
  1304 | D:2      | Reached skill level 3 in Fighting
  1305 | D:2      | Found a white marble altar of Elyvilon.
  1378 | D:2      | Found a blossoming altar of Fedhas.
  1904 | D:2      | Reached XP level 4. HP: 29/29 MP: 7/7
  1985 | D:2      | Reached skill level 4 in Fighting
  2158 | D:2      | Noticed Robin
  2560 | D:3      | Noticed Monsterracer's ghost (amateur MiCj)
  2679 | D:3      | Killed from afar by Monsterracer's ghost

Skill      XL: |  1  2  3  4 |
---------------+-------------+-----
Fighting       | 1 2 3 4 |  4.5
Dodging        | |  1.5
Stealth        | |  2.1
Spellcasting   | |  2.0
Necromancy     | |  3.2

Action                   |  1- 3 |  4- 6 || total
-------------------------+-------+-------++-------
Melee: Club              |    77 |       ||    77
       Whip              |   118 |       ||   118
       Flail             |       |    64 ||    64
       Dire flail        |       |    56 ||    56
 Cast: Pain              |    13 |       ||    13
  Use: Scroll            |     5 |     5 ||    10
       Potion            |       |     3 ||     3
 Stab: Sleeping          |     3 |       ||     3
  Eat: Chunk             |     3 |     3 ||     6
Armor: Robe              |    53 |       ||    53
       Scale mail        |    48 |    94 ||   142
Dodge: Dodged            |   143 |    79 ||   222
